 Dungeon Crawl Stone Soup version 0.31-a0-210-gccc998df9b (webtiles) character file.

Game seed: 15085530833743876849

175 qw the Shooter (level 5, -1/30 HPs)
             Began as a Gargoyle Hexslinger on June 30, 2023.
             Slain by Blork the orc
             ... wielding a +0 glaive
              (11 damage)
             ... on level 4 of the Dungeon.
             The game lasted 00:01:15 (2912 turns).

qw the Shooter (Gargoyle Hexslinger)                Turns: 2912, Time: 00:01:16

Health: -1/30      AC: 10    Str: 12    XL:     5   Next: 55%
Magic:  6/6        EV: 10    Int: 13    God:
Gold:   118        SH:  0    Dex: 14    Spells: 5/6 levels left

rFire   . . .        Y - +2 sling
rCold   . . .        (no shield)
rNeg    + . .        i - +0 ring mail
rPois   inf          (no helmet)
rElec   +            (no cloak)
rCorr   .            f - +0 pair of gloves
SInv    .            (no boots)
Will    .....        (no amulet)
Stlth   +            (no ring)
HPRegen 0.25/turn    (no ring)
MPRegen 0.10/turn

%: no passive effects
@: no status effects
A: sickness immunity, AC +4, negative energy resistance 1, electricity
resistance, torment resistance 1, petrification resistance
a: no special abilities


You were on level 4 of the Dungeon.
You visited 1 branch of the dungeon, and saw 4 of its levels.

You collected 149 gold pieces.
You spent 31 gold pieces at shops.


Innate Abilities, Weirdness & Mutations

You are immune to sickness and miasma.
Your stone body is resilient. (AC +4)
You are immune to poison.
You resist negative energy. (rN+)
You are resistant to electric shocks. (rElec)
You are resistant to unholy torment.
You are immune to petrification.


   Skills:
 + Level 2.1 Fighting
 - Level 5.0 Ranged Weapons
 - Level 1.4 Armour
 - Level 1.5 Dodging
 - Level 1.0 Spellcasting
 - Level 2.6 Hexes


You had 5 spell levels left.
You knew the following spells:

 Your Spells              Type           Power      Damage    Failure   Level
a - Slow                  Hex            28%        N/A       21%         1

Your spell library contained the following spells:

 Spells                   Type           Power      Damage    Failure   Level
 Inner Flame              Hex/Fire       4%         N/A       71%         3
 Portal Projectile        Hex/Tloc       8%         N/A       71%         3
 Cause Fear               Hex            3%         N/A       90%         4

Inventory:

Hand Weapons
 Y - a +2 sling (weapon)
Armour
 f - a +0 pair of gloves (worn)
 i - a +0 ring mail (worn)
Scrolls
 a - a scroll of identify
Potions
 b - a potion of heal wounds
 c - a potion of might
 h - 2 potions of enlightenment
 j - a potion of mutation {unknown}

Dungeon Overview and Level Annotations

Branches:
Dungeon (4/15)
 Temple: D:4-7

Altars:

Shops:
D:2 *

Annotations:
D:3 1 runed translucent door, qw's ghost, weakling DEHu
D:4 Blork the orc


Message History

The sling bullet barely misses Blork the orc.
Blork the orc closely misses you.
Blork the orc hits you from afar with a +0 glaive.
You shoot a sling bullet. The sling bullet hits Blork the orc!
Blork the orc is heavily wounded.
Blork the orc hits you but does no damage.
Blork the orc barely misses you.
You shoot a sling bullet.
The sling bullet barely misses Blork the orc.
Blork the orc looks satisfied for a moment.
Blork the orc hits you from afar with a +0 glaive!
Enter note:
Enter note:
Enter note:
Enter note:
Enter note: Blork the orc casts a spell at you.
The puff of flame hits you!
2904 ||| DRINKING 2 potions of heal wounds.
You feel much better. Blork the orc completely misses you.
2906 ||| FLEEEEING.
2907 ||| FLEEEEING.
Blork the orc hits you but does no damage.
2908 ||| FLEEEEING.
You shoot a sling bullet.
The sling bullet completely misses Blork the orc.
Blork the orc points at you and mumbles some strange words.
The puff of flame misses you.
Blork the orc hits you from afar with a +0 glaive!
Blork the orc barely misses you.
You shoot a sling bullet. The sling bullet hits Blork the orc.
Blork the orc is severely wounded.
Blork the orc looks satisfied for a moment.
Blork the orc hits you with a +0 glaive.
You shoot a sling bullet. The sling bullet hits Blork the orc.
Blork the orc is severely wounded.
Blork the orc barely misses you.
Blork the orc hits you with a +0 glaive!
You die...

........# #.......#
........###
#.......#..
........#.#
#.......#.#
#.....o.#.#
#......#.############
..........o@.........#
............########.#
?........<.......# #.#
............####.###.#
............####.....#
.....................#
................)....#
..............))....#
..................#


You could see Blork the orc (fast).

Vanquished Creatures
  An orc wizard (D:4)
  3 adders
  A worm (D:2)
  6 dart slugs
  7 orcs
  8 endoplasms
  3 giant cockroaches
  11 hobgoblins
  11 jackals
  6 kobolds
  2 quokkas (D:3)
  11 ball pythons
  5 bats
  3 frilled lizards
  7 goblins
  6 rats
  A spectral kobold (D:1)
92 creatures vanquished.

Notes
Turn   | Place    | Note
-------+----------+-------------------------------------------
     0 | D:1      | qw the Gargoyle Hexslinger began the quest for the Orb.
     0 | D:1      | Reached XP level 1. HP: 12/12 MP: 2/2
     0 | D:1      | 0 ||| qw: Version: 0.3-a-24-ga2abf7b
     0 | D:1      | 0 ||| qw: Game counter: 7146
     0 | D:1      | 0 ||| qw: Melee chars always use a shield: true
     0 | D:1      | 0 ||| qw: God list: Okawaru
     0 | D:1      | 0 ||| qw: Allow faded altars: false
     0 | D:1      | 0 ||| qw: Do Orc after clearing Dungeon:15 true
     0 | D:1      | 0 ||| qw: Do second Lair branch before Depths: true
     0 | D:1      | 0 ||| qw: Lair rune preference: random
     0 | D:1      | 0 ||| qw: Goals: Normal
     0 | D:1      | 0 ||| PLANNING D:1-11
   111 | D:1      | Reached XP level 2. HP: 14/16 MP: 3/3
   240 | D:1      | Reached skill level 3 in Ranged Weapons
   378 | D:1      | Reached XP level 3. HP: 21/21 MP: 4/4
   465 | D:1      | Found a faded altar of an unknown god.
   852 | D:1      | 852 ||| UPGRADING to +0 pair of gloves.
   857 | D:1      | 857 ||| READING scroll labelled SUOGAT VOCWU.
   858 | D:1      | 858 ||| READING scroll labelled RYUNLA ROXOUW.
   859 | D:1      | 859 ||| READING scroll labelled RONNUO ZEMYCS.
   860 | D:1      | 860 ||| DROPPING scroll of poison.
   963 | D:2      | HP: 1/21 [worm (8)]
  1123 | D:2      | Reached XP level 4. HP: 26/26 MP: 5/5
  1185 | D:2      | Reached skill level 4 in Ranged Weapons
  1223 | D:2      | Found Leafocs's Assorted Antiques.
  1232 | D:2      | 1232 ||| BUYING scroll labelled OLUG EGIOLETH (31 gold).
  1232 | D:2      | Bought a scroll labelled OLUG EGIOLETH for 31 gold pieces
  1232 | D:2      | 1232 ||| SHOPLISTING scroll labelled SIUPIY YTOUC (31 gold,
                  | have 21).
  1232 | D:2      | 1232 ||| SHOPLISTING scroll labelled YVAAMIDOPH (31 gold,
                  | have 21).
  1232 | D:2      | 1232 ||| SHOPLISTING scroll of identify (62 gold, have 21).
  1921 | D:2      | 1921 ||| UPGRADING to +0 leather armour.
  1931 | D:2      | 1931 ||| DROPPING +0 robe.
  1932 | D:2      | 1932 ||| READING scroll labelled OLUG EGIOLETH.
  1933 | D:2      | 1933 ||| READING scroll labelled EGIXTO GEUGGUE.
  1934 | D:2      | 1934 ||| READING scroll labelled XOEMYUBLIG.
  1935 | D:2      | 1935 ||| DRINKING 2 fuming silvery potions.
  1936 | D:2      | 1936 ||| READING 2 scrolls of identify.
  1936 | D:2      | 1936 ||| IDENTIFYING bubbling ruby potion
  2201 | D:3      | Reached XP level 5. HP: 30/30 MP: 6/6
  2285 | D:3      | Reached skill level 5 in Ranged Weapons
  2471 | D:3      | Found a runed translucent door.
  2472 | D:3      | Noticed qw's ghost (weakling DEHu)
  2712 | D:3      | 2712 ||| UPGRADING to +0 ring mail.
  2722 | D:3      | 2722 ||| DROPPING +0 leather armour.
  2723 | D:3      | 2723 ||| READING scroll labelled KOB KESMOOH.
  2724 | D:3      | 2724 ||| READING scroll labelled ATHIJO TOMIN.
  2725 | D:3      | 2725 ||| READING scroll labelled IFULUC YLIR.
  2774 | D:3      | 2774 ||| DRINKING 2 pink potions.
  2775 | D:3      | 2775 ||| READING 2 scrolls of identify.
  2775 | D:3      | 2775 ||| IDENTIFYING emerald potion
  2776 | D:3      | 2776 ||| DROPPING potion of attraction.
  2859 | D:4      | HP: 6/30 [orc/+0 whip (4)]
  2860 | D:4      | 2860 ||| DRINKING 2 potions of heal wounds.
  2862 | D:4      | Reached skill level 1 in Armour
  2894 | D:4      | Noticed Blork the orc
  2903 | D:4      | HP: 2/30 [Blork the orc/puff of flame (11)]
  2904 | D:4      | 2904 ||| DRINKING 2 potions of heal wounds.
  2906 | D:4      | 2906 ||| FLEEEEING.
  2907 | D:4      | 2907 ||| FLEEEEING.
  2908 | D:4      | 2908 ||| FLEEEEING.
  2912 | D:4      | Slain by Blork the orc

Levels and vault maps discovered:
D:1:      dreamdust_arrival_sigmund_warning, layout_loops_corners,
          dreamdust_ecumenical_altar_drowned_temple, st_stairs_2
D:2:      wad_pebble_path, layout_basic, serial_shops, shop_statue,
          minmay_shallow_snake_nest
D:3:      minmay_chambers_of_twos, layout_basic, gammafunk_ghost_grave
D:4:      layout_basic, dancing_weapons_uskayaw, gammafunk_temple_overflow_wave,
          uniq_natasha, uniq_blork_the_orc

Skill      XL: |  1  2  3  4  5 |
---------------+----------------+-----
Ranged Weapons | 3 4 5 |  5.0
Fighting       | 2 |  2.1
Armour         | 1 |  1.4
Dodging        | |  1.5
Spellcasting   | |  1.0
Hexes          | |  2.6

Action                     |  1- 3 |  4- 6 || total
---------------------------+-------+-------++-------
   Fire: Sling             |   127 |   185 ||   312
    Use: Scroll            |     3 |     8 ||    11
         Potion            |       |     4 ||     4
 Armour: Robe              |    28 |    19 ||    47
         Leather armour    |       |    27 ||    27
         Ring mail         |       |    10 ||    10
  Dodge: Dodged            |    38 |    77 ||   115

Table legend:
 A = Non-vault XP
 B = Vault XP
 C = Vault XP percentage of total XP
 D = Non-vault monster count
 E = Vault monster count
 F = Vault count percentage of total count
                 A         B        C        D         E       F
            +---------+---------+-------+---------+---------+-------
      Total |     213 |      37 |  14.8 |      77 |      15 |  16.3
            +---------+---------+-------+---------+---------+-------
        D:1 |      54 |       7 |  11.5 |      30 |       4 |  11.8
        D:2 |      62 |      16 |  20.5 |      24 |       3 |  11.1
        D:3 |      56 |      14 |  20.0 |      20 |       8 |  28.6
        D:4 |      41 |       0 |   0.0 |       3 |       0 |   0.0
            +---------+---------+-------+---------+---------+-------
